 Dungeon Crawl Stone Soup version 0.31-a0-1178-gc5c9b8f871 (webtiles) character file.

Game seed: 18287373531585110657

3777 Maxmaps the Skirmisher (level 9, -4/61 HPs)
             Began as a Demonspawn Hunter on Dec 12, 2023.
             Was an Initiate of Gozag.
             Slain by a killer bee (5 damage)
             ... on level 8 of the Dungeon.
             The game lasted 00:10:15 (7471 turns).

Maxmaps the Skirmisher (Demonspawn Hunter)          Turns: 7471, Time: 00:10:16

Health: -4/61      AC:  8    Str: 19    XL:     9   Next: 95%
Magic:  9/9        EV: 12    Int: 13    God:    Gozag
Gold:   360        SH:  0    Dex: 16    Spells: 8/8 levels left

rFire   . . .        v - +1 orcbow (freeze)
rCold   + + .        (shield currently unavailable)
rNeg    . . .        g - +0 leather armour {rC+}
rPois   .            i - +1 hat
rElec   .            l - +0 cloak
rCorr   .            I - +0 pair of gloves
SInv    .            (no boots)
Will    .....        (no amulet)
Stlth   +            j - +6 ring of strength
HPRegen 0.30/turn    p - ring of protection from cold
MPRegen 0.11/turn

%: no passive effects
@: lethally poisoned (-4 -> -6), hasted, invisible, very quick
A: horns 1, slimy green scales 1, demonic guardian 2, ignite blood 1
a: Renounce Religion, Potion Petition, Call Merchant, Bribe Branch


You were on level 8 of the Dungeon.
You worshipped Gozag.
Gozag was aware of your devotion.
You visited 2 branches of the dungeon, and saw 10 of its levels.

You collected 914 gold pieces.
You paid 554 gold pieces to Gozag.

Inventory:

Hand Weapons
 v - a +1 orcbow of freezing (weapon)
Missiles
 B - 3 throwing nets
Armour
 g - a +0 leather armour of cold resistance (worn)
 i - a +1 hat (worn)
 l - a +0 cloak (worn)
 I - a +0 pair of gloves (worn)
Jewellery
 j - a +6 ring of strength (left hand)
 p - a ring of protection from cold (right hand)
 w - a ring of poison resistance
 y - a ring of flight
Wands
 b - a wand of polymorph (8)
 c - a wand of mindburst (13)
 o - a wand of flame (42)
 K - a wand of charming (7)
Scrolls
 a - a scroll of fog {unknown}
 f - 2 scrolls of noise
 m - a scroll of revelation
 t - 4 scrolls of blinking {unknown}
 x - 4 scrolls of poison
 A - a scroll of amnesia {unknown}
 C - 3 scrolls of identify
 D - 2 scrolls of acquirement {unknown}
 E - a scroll of summoning {unknown}
 F - a scroll of vulnerability {unknown}
 H - a scroll of brand weapon
 M - a scroll of teleportation
Potions
 d - 5 potions of degeneration
 h - 2 potions of might
 k - a potion of brilliance
 n - 3 potions of mutation
 q - a potion of haste
 r - a potion of magic {unknown}
 s - a potion of attraction
 u - a potion of lignification {unknown}
 z - a potion of ambrosia {unknown}
 G - a potion of resistance {unknown}
 J - a potion of enlightenment {unknown}
 L - a potion of invisibility


   Skills:
 - Level 2.0 Fighting
 + Level 13.5 Ranged Weapons
 - Level 1.7 Dodging
 - Level 0.8 Stealth


You had 8 spell levels left.
You didn't know any spells.
Your spell library contained the following spells:

 Spells                   Type           Power      Damage    Failure   Level
 Slow                     Hex            0%         N/A       36%         1
 Confusing Touch          Hex            0%         N/A       73%         3
 Sigil of Binding         Hex            0%         N/A       73%         3
 Summon Guardian Golem    Hex/Summ       0%         N/A       73%         3
 Tukima's Dance           Hex            0%         N/A       73%         3
 Vampiric Draining        Necr           0%         2d6       73%         3
 Dimensional Bullseye     Hex/Tloc       0%         N/A       98%         4
 Iskenderun's Mystic Bla  Conj/Tloc      0%         2d3       98%         4
 Orb of Destruction       Conj           0%         9d5       100%        7
 Spellforged Servitor     Conj/Summ      0%         N/A       100%        7


Dungeon Overview and Level Annotations

Branches:
Dungeon (9/15)             Temple (1/1) D:5
   Lair: D:8-11         Orc: D:9-12

Altars:
Ashenzari
Cheibriados
Dithmenos
Fedhas
Gozag
Hepliaklqana
Kikubaaqudgha
Makhleb
Nemelex Xobeh
Okawaru
Qazlal
Ru
Sif Muna
Trog
Uskayaw
Wu Jian
Xom
Yredelemnul

Shops:
D:5 (


Innate Abilities, Weirdness & Mutations

You have a pair of small horns on your head.
You are partially covered in slimy green scales. (AC +2)
A demonic guardian rushes to your aid.
Your demonic aura sometimes causes spilled blood to erupt in flames.


Message History

Partly explored, can't reach some places.
Partly explored, can't reach some places.
Partly explored, can't reach some places.
Partly explored, can't reach some places.
What level of the Dungeon? (default 9, ? - help)
There is a stone staircase leading down, spattered with blood here.
You climb downwards.
The killer bee barely misses you.
The killer bee stings you. x2; The killer bee misses you.
A killer bee comes into view.
The killer bee closely misses you. The killer bee barely misses you.
The killer bee closely misses you. The killer bee stings you. x2
You are poisoned.
The killer bee poisons you!
There is a stone staircase leading up, spattered with blood here.
You feel sick.
The killer bee buzzes angrily.
You hear an angry buzzing noise.
You hear a bellow!
The killer bee stings you. x2; The killer bee stings you!
The killer bee stings you but does no damage. x2
The killer bee barely misses you. The killer bee stings you.
The killer bee barely misses you.
The killer bee stings you but does no damage.
The killer bee closely misses you.
The orc priest invokes the aid of Beogh against you.
Beogh smites you!
* * * LOW HITPOINT WARNING * * *
You climb upwards.
You feel sick.
There is a stone staircase leading down, spattered with blood here.
It was a potion of invisibility.
You fade into invisibility!
You feel sick. The killer bee closely misses you. x5
The killer bee stings you.
* * * LOW HITPOINT WARNING * * *
A demonic guardian appears!
You feel yourself speed up.
You feel sick. The killer bee closely misses you. The killer bee stings you.
* * * LOW HITPOINT WARNING * * *
The killer bee closely misses you. The killer bee stings you.
You die...
Your body crumbles into a pile of gold.

#..###.≈.≈≈≈.≈.§.# ##..###'#
##...#.≈.......≈.#####..###.#
####..≈≈≈≈≈≈≈§≈.............
#≈##........................
####≈#####..###...##..##..###.#
##.##≈≈####..###.[###..##..###.#
#....≈≈.............#.....<.....
#...~≈≈.......y.y4..#...........
#...~~~.~.....y@y...#...........
#...~~~..~..[.y..>..#...........
##..~~~.~.##'#########.####.####
##..~~~.~~#..###...###.####.###.
#....≈~...#...#.................
#....~~~.~#...#.................
#...~.~~.~#...+......#...##..#..
###...~~~..#..###.....#########.#
.##...≈~~.~#'####....## ####.


You could see 5 killer bees and a friendly rust devil (summoned).

Vanquished Creatures
  A two-headed ogre (D:7)
  Maggie (D:8)
  Psyche (D:8)
  A hornet (D:7)
  Edmund (D:4)
  A water moccasin (D:6)
  A sky beast (D:6)
  An orc warrior (D:8)
  A black bear (D:5)
  2 ogres
  2 centaurs
  2 kobold brigands
  3 scorpions
  A gnoll sergeant (D:7)
  4 killer bees (D:8)
  A quasit (D:4)
  3 hounds
  3 orc priests
  3 jellies
  Crazy Yiuf (D:3)
  A sleepcap (D:8)
  An iguana (D:6)
  7 orc wizards
  8 gnolls
  8 adders
  4 shadow imps
  3 white imps
  3 ufetubi
  4 worms
  4 dart slugs
  26 orcs
  6 bats
  7 endoplasms
  4 giant cockroaches
  5 goblins
  7 hobgoblins
  4 jackals (D:1)
  8 quokkas
  5 ball pythons (D:1)
  6 frilled lizards
  8 kobolds
  5 rats
168 creatures vanquished.

Vanquished Creatures (collateral kills)
  Sigmund (D:3)
  An orc priest (D:3)
  An orc (D:3)
3 creatures vanquished.

Grand Total: 171 creatures vanquished

Notes
Turn   | Place    | Note
-------+----------+-------------------------------------------
     0 | D:1      | Maxmaps the Demonspawn Hunter began the quest for the Orb.
     0 | D:1      | Reached XP level 1. HP: 16/16 MP: 1/1
    77 | D:1      | Reached skill level 4 in Ranged Weapons
    94 | D:1      | Gained mutation: A weak demonic guardian rushes to your
                  | aid. [demonic ancestry]
    94 | D:1      | Reached XP level 2. HP: 22/22 MP: 2/2
   368 | D:1      | Gained mutation: You are partially covered in slimy green
                  | scales. (AC +2) [demonic ancestry]
   368 | D:1      | Reached XP level 3. HP: 27/27 MP: 3/3
   662 | D:2      | Found a shadowy altar of Dithmenos.
   776 | D:2      | Reached skill level 5 in Ranged Weapons
   825 | D:2      | Gained mutation: Your demonic aura sometimes causes spilled
                  | blood to erupt in flames. [demonic ancestry]
   825 | D:2      | Reached XP level 4. HP: 33/33 MP: 4/4
  1495 | D:3      | Found a basalt altar of Yredelemnul.
  1686 | D:3      | Noticed Sigmund
  1697 | D:3      | Killed Sigmund
  1698 | D:3      | Reached skill level 6 in Ranged Weapons
  1698 | D:3      | Gained mutation: You have a pair of small horns on your
                  | head. [demonic ancestry]
  1698 | D:3      | Reached XP level 5. HP: 32/38 MP: 5/5
  1698 | D:3      | Reached XP level 6. HP: 37/44 MP: 6/6
  1799 | D:3      | Reached skill level 7 in Ranged Weapons
  2054 | D:3      | Found a runed translucent door.
  2055 | D:3      | Noticed Crazy Yiuf
  2375 | D:3      | Killed Crazy Yiuf
  2650 | D:4      | Found an iron altar of Okawaru.
  2721 | D:4      | Identified the +1 hand axe of Qiwat {venom, rPois rN+
                  | Will+}
  2913 | D:4      | Reached XP level 7. HP: 47/50 MP: 7/7
  2971 | D:4      | Noticed Edmund
  2977 | D:4      | Killed Edmund
  2978 | D:4      | Reached skill level 8 in Ranged Weapons
  3393 | D:5      | Entered Level 5 of the Dungeon
  3403 | D:5      | Reached skill level 9 in Ranged Weapons
  3435 | D:5      | Found a staircase to the Ecumenical Temple.
  3492 | Temple   | Entered the Ecumenical Temple
  3498 | Temple   | Became a worshipper of Gozag Ym Sagoz the Greedy
  3616 | D:5      | Reached XP level 8. HP: 52/56 MP: 8/8
  3788 | D:5      | Found a snail-covered altar of Cheibriados.
  4364 | D:5      | Found Pyboisi's Antique Weapon Shoppe.
  4588 | D:6      | Reached skill level 10 in Ranged Weapons
  4992 | D:6      | Reached skill level 11 in Ranged Weapons
  5559 | D:7      | Noticed a hornet
  5571 | D:7      | Paralysed by a hornet for 1 turns
  5575 | D:7      | Killed a hornet
  5576 | D:7      | Gained mutation: A demonic guardian rushes to your aid.
                  | [demonic ancestry]
  5576 | D:7      | Reached XP level 9. HP: 38/61 MP: 9/9
  5869 | D:7      | Noticed a two-headed ogre
  5876 | D:7      | Killed a two-headed ogre
  5877 | D:7      | Reached skill level 12 in Ranged Weapons
  6442 | D:8      | Noticed Maggie
  6470 | D:8      | Killed Maggie
  6509 | D:8      | Noticed Psyche
  6524 | D:8      | Killed Psyche
  6525 | D:8      | Reached skill level 13 in Ranged Weapons
  6644 | D:8      | Found a sparkling altar of Nemelex Xobeh.
  7471 | D:8      | HP: 1/61 [killer bee (6)]
  7471 | D:8      | Slain by a killer bee

Illustrated notes

Levels and vault maps discovered:
D:1:      roderic_octagonal_star, layout_rooms, nrook_mini_vaults
D:2:      layout_basic, serial_forest, infiniplex_forest_clump_medium,
          infiniplex_forest_lined_4_way, infiniplex_forest_lined_1,
          infiniplex_forest_corner_2, infiniplex_forest_clump_cross, basic_altar
D:3:      layout_loops_corners, mainiacjoe_overflow_alcove_4,
          chequers_big_river, minmay_ruptured, uniq_sigmund,
          uniq_crazy_yiuf_cottage
D:4:      layout_cave_pools, mainiacjoe_overflow_boulevard, serial_demonic,
          serial_demonic_b, serial_demonic_g, serial_demonic_d,
          serial_demonic_a, chequers_jeans, uniq_edmund
D:5:      layout_basic, slow_altar_2, minmay_temple_entry_stoned_glass,
          serial_shops, shop
D:6:      layout_loops_ring, nrook_mini_backslash, solitary_fountain,
          grunt_ministairs_12
D:7:      layout_basic
D:8:      layout_gridville, mainiacjoe_overflow_concentric_impassable,
          serial_rivers, chequers_serial_rivers_marsh,
          chequers_serial_rivers_micro_e, chequers_serial_rivers_small_3,
          chequers_serial_rivers_small_3, chequers_serial_rivers_small_a,
          chequers_serial_rivers_marsh, uniq_maggie, uniq_psyche
D:9:      layout_loops_ring, hangedman_abyss_or_decor_slice
Temple:   nicolae_temple_bog_church

Skill      XL: |  1  2  3  4  5  6  7  8  9 |
---------------+----------------------------+-----
Ranged Weapons | 4 5 6 7 9 11 13 | 13.5
Fighting       | |  2.0
Dodging        | |  1.7
Stealth        | |  0.8

Action                     |  1- 3 |  4- 6 |  7- 9 || total
---------------------------+-------+-------+-------++-------
  Melee: Unarmed           |       |       |    11 ||    11
   Fire: Shortbow          |   136 |   134 |    83 ||   353
         Orcbow            |       |       |   195 ||   195
 Invoke: Potion Petition   |       |       |     1 ||     1
    Use: Scroll            |     2 |     6 |     6 ||    14
         Potion            |       |     3 |     4 ||     7
   Stab: Distracted        |       |       |     1 ||     1
 Armour: Leather armour    |    26 |    78 |    98 ||   202
         Skin              |       |       |     4 ||     4
  Dodge: Dodged            |    50 |   102 |   111 ||   263

Table legend: (Time is in decaauts)
 A = Elapsed time spent in this place.
 B = Non-inter-level travel time spent in this place.
 C = Inter-level travel time spent in this place.
 D = Time resting spent in this place.
 E = Time spent auto-exploring this place.
 F = Levels seen in this place.
 G = Mean time per level.
                   A        B        C        D        E       F      G
               +--------+--------+--------+--------+--------+-----+--------+
         Total |   7627 |   7354 |    273 |    694 |   5478 |  10 |  762.7 |
       Dungeon |   7614 |   7351 |    263 |    694 |   5478 |   9 |  846.0 |
        Temple |     13 |      3 |     10 |      0 |      0 |   1 |   13.0 |
               +--------+--------+--------+--------+--------+-----+--------+

Top non-repeatable levels by time:
     D:3: 1351 daAuts
     D:5: 1114 daAuts
     D:8: 1070 daAuts
     D:7: 1013 daAuts
     D:6: 882 daAuts
     D:4: 842 daAuts
     D:1: 683 daAuts
     D:2: 647 daAuts
  Temple: 13 daAuts
     D:9: 8 daAuts
